 Dungeon Crawl Stone Soup version 0.16.2-12-gd0ad4c3 (webtiles) character file.

85 Ijustatesigmund the Sneak (level 4, 0/29 HPs)
             Began as an Octopode Assassin on Oct 13, 2015.
             Hit by a stone thrown by a kobold (2 damage)
             ... on level 3 of the Dungeon.
             The game lasted 00:06:33 (2084 turns).

Ijustatesigmund the Sneak (Octopode Assassin)       Turns: 2084, Time: 00:06:33

Health: 0/29       AC:  1    Str: 10    XL:     4   Next: 48%
Magic:  4/4        EV: 12    Int: 18    God:
Gold:   128        SH:  0    Dex: 14    Spells: 0 memorised, 3 levels left

rFire  . . .     SeeInvis .     a - +2 dagger
rCold  . . .     Clarity  .     (no shield)
rNeg   . . .     SustAb   .     (helmet restricted)
rPois  .         Gourm    .     (no amulet)
rElec  .         Spirit   .     (no ring)
rCorr  .         Warding  .     (no ring)
rMut   .         Stasis   .     (no ring)
MR     +....                    (no ring)
Stlth  +++++.....               (no ring)
                                (no ring)
                                (no ring)
                                (no ring)

@: brilliant, very slightly contaminated, hasted, very quick, somewhat resistant
to hostile enchantments, quite stealthy
A: almost no armour, amphibious, 8 rings, constrict 8, camouflage 1, magic
resistance 1, gelatinous body 1
a: no special abilities


You were on level 3 of the Dungeon.
You were hungry.

You visited 1 branch of the dungeon, and saw 3 of its levels.

You collected 128 gold pieces.

Inventory:

Hand weapons
 a - a +2 dagger (weapon)
 b - a +0 blowgun
 q - a +0 short sword of venom
Missiles
 e - 8 poisoned needles
 f - 2 curare-tipped needles
Jewellery
 i - an uncursed amulet of stasis
Scrolls
 k - a scroll of remove curse
 o - a scroll of fog
Potions
 c - a potion of brilliance
 d - 2 potions of curing {unknown}
 l - a potion of agility {unknown}
 m - a potion of lignification {unknown}
 n - a potion of haste
 p - a potion of heal wounds {unknown}
 s - a potion of might {unknown}
Comestibles
 g - 2 bread rations
 h - 5 fruits
 j - 3 meat rations
 r - a beef jerky


   Skills:
 - Level 2.0 Fighting
 + Level 3.1 Short Blades
 + Level 3.1 Throwing
 - Level 1.0 Dodging
 + Level 6.2 Stealth


You had 3 spell levels left.
You didn't know any spells.

Dungeon Overview and Level Annotations

Branches:
Dungeon (3/15)

Altars:
Elyvilon


Innate Abilities, Weirdness & Mutations

You cannot wear most types of armour.
You are amphibious.
You can wear up to eight rings at the same time.
You can use your tentacles to constrict many enemies at once.
Your skin changes colour to match your surroundings (Stealth).
Your rubbery body absorbs attacks (AC +1).
You are resistant to hostile enchantments.


Message History

You constrict the gnoll. The gnoll hits you with a flail!
You hit the gnoll. You squeeze the gnoll.
You kill the gnoll!
The kobold hits you.
* * * LOW HITPOINT WARNING * * *
You see here a flail.
You are too injured to fight recklessly!
Drink which item? (? for menu, Esc to quit)
It was a potion of brilliance.
You feel clever all of a sudden. The kobold hits you.
* * * LOW HITPOINT WARNING * * *
Drink which item? (? for menu, Esc to quit)
It was a potion of haste.
You feel yourself speed up. The kobold hits you.
* * * LOW HITPOINT WARNING * * *
You are very lightly contaminated with residual magic.
The kobold throws a stone.
The stone hits you but does no damage.
You see here a stone.
The kobold throws a stone.
The stone hits you.
You die...

### #.. #.# #.# #g#
#K# #)# #(# ##@## ..
#...#### .. #......#
.####.## #...##.#
........# ######.#
#..o....########.# #
#.o# #........#.#
#.##..####..##......#
..............##.###


You could see a goblin and a kobold.

Vanquished Creatures
  Terence (D:2)
  3 gnolls (D:3)
  A worm (D:2)
  A giant gecko (D:2)
  An ooze (D:1)
  An orc (D:3)
  A ball python (D:3)
  4 bats
  4 goblins
  6 hobgoblins
  4 giant cockroaches
  2 giant newts
  3 kobolds
  3 rats
35 creatures vanquished.

Notes
Turn   | Place    | Note
--------------------------------------------------------------
     0 | D:1      | Ijustatesigmund, the Octopode Assassin, began the quest for the Orb.
     0 | D:1      | Reached XP level 1. HP: 14/14 MP: 1/1
   472 | D:1      | Reached XP level 2. HP: 19/19 MP: 2/2
  1257 | D:2      | Gained mutation: You are resistant to hostile enchantments. [potion of beneficial mutation]
  1266 | D:2      | Noticed Terence
  1271 | D:2      | Killed Terence
  1271 | D:2      | Reached XP level 3. HP: 24/24 MP: 3/3
  1308 | D:2      | Found a white marble altar of Elyvilon.
  1665 | D:3      | Reached skill level 6 in Stealth
  2013 | D:3      | Reached XP level 4. HP: 29/29 MP: 4/4
  2082 | D:3      | HP: 1/29 [kobold (2)]
  2084 | D:3      | Hit by a stone thrown by a kobold

Action                   |  1- 3 |  4- 6 || total
-------------------------+-------+-------++-------
Melee: Dagger            |    68 |     8 ||    76
 Fire: Blowgun           |     2 |       ||     2
  Use: Scroll            |     8 |       ||     8
       Potion            |     1 |     2 ||     3
 Stab: Sleeping          |    12 |       ||    12
  Eat: Chunk             |     3 |       ||     3
